Workbook

Sheet US raw data
A1: Industry Group | B1: count | C1: sum(Trailing Revenues) | D1: sum(Trailing Gross Profit) | E1: sum(Trailing EBITDA (adj for leases)) | F1: sum(Trailing Operating Income (adj for leases)) | G1: sum(Trailing Net Income) | H1: q1(Gross Margin) | I1: median(Gross Margin) | J1: q3(Gross Margin) | K1: q1(Pre-tax Operating Margin) | L1: median(Pre-tax Operating Margin) | M1: q3(Pre-tax Operating Margin) | N1: q1(Net Profit Margin) | O1: median(Net Profit Margin) | P1: q3(Net Profit Margin)
A2: Advertising | B2: 52 | C2: 36885.516 | D2: 13368.398 | E2: 6353.557 | F2: 3705.4477 | G2: -111.316 | H2: 0.28217822 | I2: 0.49734513 | J2: 0.63655914 | K2: -0.5168232 | L2: -0.072397806 | M2: 0.049120235 | N2: -0.61363636 | O2: -0.10387097 | P2: -0.0020515098
A3: Aerospace/Defense | B3: 79 | C3: 500626.87 | D3: 87532.694 | E3: 62321.122 | F3: 43538.33 | G3: 24976.882 | H3: 0.17798694 | I3: 0.26991113 | J3: 0.39957964 | K3: -0.046136414 | L3: 0.082625869 | M3: 0.14177177 | N3: -0.050806628 | O3: 0.036665956 | P3: 0.11404042
A4: Air Transport | B4: 23 | C4: 245113.36 | D4: 60775.306 | E4: 29506.307 | F4: 11963.865 | G4: 6148.183 | H4: 0.1309571 | I4: 0.21688707 | J4: 0.31721208 | K4: -0.29048187 | L4: -0.020897549 | M4: 0.068447155 | N4: -0.17842324 | O4: -0.036470904 | P4: 0.052522148
A5: Apparel | B5: 35 | C5: 63226.699 | D5: 35965.475 | E5: 9708.675 | F5: 6251.2067 | G5: 2432.707 | H5: 0.37663717 | I5: 0.50398691 | J5: 0.61710958 | K5: -0.024381883 | L5: 0.048282609 | M5: 0.076064308 | N5: -0.11468531 | O5: 0 | P5: 0.037653653
A6: Auto & Truck | B6: 33 | C6: 497113.96 | D6: 51745.32 | E6: 33848.962 | F6: 11844.789 | G6: 6419.644 | H6: -0.87096774 | I6: 0.071428571 | J6: 0.17006682 | K6: -3.5121781 | L6: -0.57922492 | M6: 0.02543455 | N6: -7.5405405 | O6: -0.61336761 | P6: 0.016250967
A7: Auto Parts | B7: 35 | C7: 87955.01 | D7: 13935.724 | E7: 9087.98 | F7: 5105.4261 | G7: 633.455 | H7: 0.12306295 | I7: 0.22118471 | J7: 0.33658236 | K7: -0.0050351535 | L7: 0.050020703 | M7: 0.094099241 | N7: -0.036596523 | O7: 0.011981094 | P7: 0.040629322
A8: Bank (Money Center) | B8: 15 | C8: 497510.5 | D8: 497510.5 | E8: 6165.887 | F8: 385.61051 | G8: 143723.16 | H8: 1 | I8: 1 | J8: 1 | K8: -0.0036405265 | L8: 0.00079080684 | M8: 0.0026703318 | N8: 0.15944882 | O8: 0.24538259 | P8: 0.29223717
A9: Banks (Regional) | B9: 568 | C9: 183423.02 | D9: 182726.49 | E9: 2551.428 | F9: -221.15352 | G9: 50431.693 | H9: 1 | I9: 1 | J9: 1 | K9: -0.0020046684 | L9: 0 | M9: 0.0020139172 | N9: 0.16764706 | O9: 0.24559897 | P9: 0.30672597
A10: Beverage (Alcoholic) | B10: 14 | C10: 27406.206 | D10: 12869.349 | E10: 7769.355 | F10: 6245.1292 | G10: 153.497 | H10: 0.38735509 | I10: 0.47719015 | J10: 0.60427807 | K10: -2.1999018 | L10: -0.017134417 | M10: 0.19236148 | N10: -1.8316832 | O10: -0.026083952 | P10: 0.12704697
A11: Beverage (Soft) | B11: 27 | C11: 181913.61 | D11: 99577.708 | E11: 44677.158 | F11: 37527.31 | G11: 24372.47 | H11: 0.35992122 | I11: 0.48402948 | J11: 0.54760727 | K11: -0.41875 | L11: 0.12630006 | M11: 0.20028339 | N11: -0.23977273 | O11: 0.030294477 | P11: 0.11357295
A12: Broadcasting | B12: 24 | C12: 71423.012 | D12: 27236.562 | E12: 12442.454 | F12: 8819.9335 | G12: 1470.98 | H12: 0.29271207 | I12: 0.39452093 | J12: 0.57237226 | K12: 0.0045567727 | L12: 0.10621185 | M12: 0.18463064 | N12: -0.27915278 | O12: -0.013485166 | P12: 0.028076464
A13: Brokerage & Investment Banking | B13: 32 | C13: 356108.33 | D13: 189702.27 | E13: 2265.877 | F13: -421.43368 | G13: 51453.21 | H13: 0.7836825 | I13: 0.90819627 | J13: 0.94301279 | K13: -0.0088531626 | L13: 0 | M13: 0.0039909519 | N13: 0.058357993 | O13: 0.10743154 | P13: 0.15985282
... A96: All firms | B96: 6006 | C96: 22708939 | D96: 8574316.1 | E96: 4178015.4 | F96: 2894312.2 | G96: 2211413.2 | H96: 0.25286624 | I96: 0.47911661 | J96: 0.7826218 | K96: -0.11903589 | L96: 0.0077877761 | M96: 0.12467847 | N96: -0.21273847 | O96: 0.027704447 | P96: 0.15335851

Sheet Margins
A1: Global firms (in $ millions)
C2: Aggregate Values | F2: Gross Margin | I2: Operating Margin | L2: Net Profit Margin
A3: Industry Group | B3: # firms | C3: Gross Margin | D3: Operating Margin | E3: Net Margin | F3: First Quartile | G3: Median | H3: Third Quartile | I3: First Quartile | J3: Median | K3: Third Quartile | L3: First Quartile | M3: Median | N3: Third Quartile
A4: ='US raw data'!A2 -> Advertising | B4: ='US raw data'!B2 -> 52 | C4: ='US raw data'!D2/'US raw data'!C2 -> 0.36242947 | D4: ='US raw data'!F2/'US raw data'!C2 -> 0.10045807 | E4: ='US raw data'!G2/'US raw data'!C2 -> -0.0030178783 | F4: ='US raw data'!H2 -> 0.28217822 | G4: ='US raw data'!I2 -> 0.49734513 | H4: ='US raw data'!J2 -> 0.63655914 | I4: ='US raw data'!K2 -> -0.5168232 | J4: ='US raw data'!L2 -> -0.072397806 | K4: ='US raw data'!M2 -> 0.049120235 | L4: ='US raw data'!N2 -> -0.61363636 | M4: ='US raw data'!O2 -> -0.10387097 | N4: ='US raw data'!P2 -> -0.0020515098
A5: ='US raw data'!A3 -> Aerospace/Defense | B5: ='US raw data'!B3 -> 79 | C5: ='US raw data'!D3/'US raw data'!C3 -> 0.17484618 | D5: ='US raw data'!F3/'US raw data'!C3 -> 0.086967625 | E5: ='US raw data'!G3/'US raw data'!C3 -> 0.049891213 | F5: ='US raw data'!H3 -> 0.17798694 | G5: ='US raw data'!I3 -> 0.26991113 | H5: ='US raw data'!J3 -> 0.39957964 | I5: ='US raw data'!K3 -> -0.046136414 | J5: ='US raw data'!L3 -> 0.082625869 | K5: ='US raw data'!M3 -> 0.14177177 | L5: ='US raw data'!N3 -> -0.050806628 | M5: ='US raw data'!O3 -> 0.036665956 | N5: ='US raw data'!P3 -> 0.11404042
A6: ='US raw data'!A4 -> Air Transport | B6: ='US raw data'!B4 -> 23 | C6: ='US raw data'!D4/'US raw data'!C4 -> 0.24794775 | D6: ='US raw data'!F4/'US raw data'!C4 -> 0.048809516 | E6: ='US raw data'!G4/'US raw data'!C4 -> 0.025083019 | F6: ='US raw data'!H4 -> 0.1309571 | G6: ='US raw data'!I4 -> 0.21688707 | H6: ='US raw data'!J4 -> 0.31721208 | I6: ='US raw data'!K4 -> -0.29048187 | J6: ='US raw data'!L4 -> -0.020897549 | K6: ='US raw data'!M4 -> 0.068447155 | L6: ='US raw data'!N4 -> -0.17842324 | M6: ='US raw data'!O4 -> -0.036470904 | N6: ='US raw data'!P4 -> 0.052522148
A7: ='US raw data'!A5 -> Apparel | B7: ='US raw data'!B5 -> 35 | C7: ='US raw data'!D5/'US raw data'!C5 -> 0.56883367 | D7: ='US raw data'!F5/'US raw data'!C5 -> 0.098869731 | E7: ='US raw data'!G5/'US raw data'!C5 -> 0.038475945 | F7: ='US raw data'!H5 -> 0.37663717 | G7: ='US raw data'!I5 -> 0.50398691 | H7: ='US raw data'!J5 -> 0.61710958 | I7: ='US raw data'!K5 -> -0.024381883 | J7: ='US raw data'!L5 -> 0.048282609 | K7: ='US raw data'!M5 -> 0.076064308 | L7: ='US raw data'!N5 -> -0.11468531 | M7: ='US raw data'!O5 -> 0 | N7: ='US raw data'!P5 -> 0.037653653
A8: ='US raw data'!A6 -> Auto & Truck | B8: ='US raw data'!B6 -> 33 | C8: ='US raw data'!D6/'US raw data'!C6 -> 0.10409146 | D8: ='US raw data'!F6/'US raw data'!C6 -> 0.02382711 | E8: ='US raw data'!G6/'US raw data'!C6 -> 0.012913828 | F8: ='US raw data'!H6 -> -0.87096774 | G8: ='US raw data'!I6 -> 0.071428571 | H8: ='US raw data'!J6 -> 0.17006682 | I8: ='US raw data'!K6 -> -3.5121781 | J8: ='US raw data'!L6 -> -0.57922492 | K8: ='US raw data'!M6 -> 0.02543455 | L8: ='US raw data'!N6 -> -7.5405405 | M8: ='US raw data'!O6 -> -0.61336761 | N8: ='US raw data'!P6 -> 0.016250967
A9: ='US raw data'!A7 -> Auto Parts | B9: ='US raw data'!B7 -> 35 | C9: ='US raw data'!D7/'US raw data'!C7 -> 0.1584415 | D9: ='US raw data'!F7/'US raw data'!C7 -> 0.058045881 | E9: ='US raw data'!G7/'US raw data'!C7 -> 0.0072020343 | F9: ='US raw data'!H7 -> 0.12306295 | G9: ='US raw data'!I7 -> 0.22118471 | H9: ='US raw data'!J7 -> 0.33658236 | I9: ='US raw data'!K7 -> -0.0050351535 | J9: ='US raw data'!L7 -> 0.050020703 | K9: ='US raw data'!M7 -> 0.094099241 | L9: ='US raw data'!N7 -> -0.036596523 | M9: ='US raw data'!O7 -> 0.011981094 | N9: ='US raw data'!P7 -> 0.040629322
A10: ='US raw data'!A8 -> Bank (Money Center) | B10: ='US raw data'!B8 -> 15 | C10: ='US raw data'!D8/'US raw data'!C8 -> 1 | D10: ='US raw data'!F8/'US raw data'!C8 -> 0.00077508014 | E10: ='US raw data'!G8/'US raw data'!C8 -> 0.28888468 | F10: ='US raw data'!H8 -> 1 | G10: ='US raw data'!I8 -> 1 | H10: ='US raw data'!J8 -> 1 | I10: ='US raw data'!K8 -> -0.0036405265 | J10: ='US raw data'!L8 -> 0.00079080684 | K10: ='US raw data'!M8 -> 0.0026703318 | L10: ='US raw data'!N8 -> 0.15944882 | M10: ='US raw data'!O8 -> 0.24538259 | N10: ='US raw data'!P8 -> 0.29223717
A11: ='US raw data'!A9 -> Banks (Regional) | B11: ='US raw data'!B9 -> 568 | C11: ='US raw data'!D9/'US raw data'!C9 -> 0.9962026 | D11: ='US raw data'!F9/'US raw data'!C9 -> -0.0012057021 | E11: ='US raw data'!G9/'US raw data'!C9 -> 0.27494746 | F11: ='US raw data'!H9 -> 1 | G11: ='US raw data'!I9 -> 1 | H11: ='US raw data'!J9 -> 1 | I11: ='US raw data'!K9 -> -0.0020046684 | J11: ='US raw data'!L9 -> 0 | K11: ='US raw data'!M9 -> 0.0020139172 | L11: ='US raw data'!N9 -> 0.16764706 | M11: ='US raw data'!O9 -> 0.24559897 | N11: ='US raw data'!P9 -> 0.30672597
A12: ='US raw data'!A10 -> Beverage (Alcoholic) | B12: ='US raw data'!B10 -> 14 | C12: ='US raw data'!D10/'US raw data'!C10 -> 0.46957791 | D12: ='US raw data'!F10/'US raw data'!C10 -> 0.22787281 | E12: ='US raw data'!G10/'US raw data'!C10 -> 0.0056008117 | F12: ='US raw data'!H10 -> 0.38735509 | G12: ='US raw data'!I10 -> 0.47719015 | H12: ='US raw data'!J10 -> 0.60427807 | I12: ='US raw data'!K10 -> -2.1999018 | J12: ='US raw data'!L10 -> -0.017134417 | K12: ='US raw data'!M10 -> 0.19236148 | L12: ='US raw data'!N10 -> -1.8316832 | M12: ='US raw data'!O10 -> -0.026083952 | N12: ='US raw data'!P10 -> 0.12704697
A13: ='US raw data'!A11 -> Beverage (Soft) | B13: ='US raw data'!B11 -> 27 | C13: ='US raw data'!D11/'US raw data'!C11 -> 0.54739009 | D13: ='US raw data'!F11/'US raw data'!C11 -> 0.20629193 | E13: ='US raw data'!G11/'US raw data'!C11 -> 0.13397827 | F13: ='US raw data'!H11 -> 0.35992122 | G13: ='US raw data'!I11 -> 0.48402948 | H13: ='US raw data'!J11 -> 0.54760727 | I13: ='US raw data'!K11 -> -0.41875 | J13: ='US raw data'!L11 -> 0.12630006 | K13: ='US raw data'!M11 -> 0.20028339 | L13: ='US raw data'!N11 -> -0.23977273 | M13: ='US raw data'!O11 -> 0.030294477 | N13: ='US raw data'!P11 -> 0.11357295
A14: ='US raw data'!A12 -> Broadcasting | B14: ='US raw data'!B12 -> 24 | C14: ='US raw data'!D12/'US raw data'!C12 -> 0.38134155 | D14: ='US raw data'!F12/'US raw data'!C12 -> 0.12348868 | E14: ='US raw data'!G12/'US raw data'!C12 -> 0.020595323 | F14: ='US raw data'!H12 -> 0.29271207 | G14: ='US raw data'!I12 -> 0.39452093 | H14: ='US raw data'!J12 -> 0.57237226 | I14: ='US raw data'!K12 -> 0.0045567727 | J14: ='US raw data'!L12 -> 0.10621185 | K14: ='US raw data'!M12 -> 0.18463064 | L14: ='US raw data'!N12 -> -0.27915278 | M14: ='US raw data'!O12 -> -0.013485166 | N14: ='US raw data'!P12 -> 0.028076464
A15: ='US raw data'!A13 -> Brokerage & Investment Banking | B15: ='US raw data'!B13 -> 32 | C15: ='US raw data'!D13/'US raw data'!C13 -> 0.53270944 | D15: ='US raw data'!F13/'US raw data'!C13 -> -0.0011834424 | E15: ='US raw data'!G13/'US raw data'!C13 -> 0.14448752 | F15: ='US raw data'!H13 -> 0.7836825 | G15: ='US raw data'!I13 -> 0.90819627 | H15: ='US raw data'!J13 -> 0.94301279 | I15: ='US raw data'!K13 -> -0.0088531626 | J15: ='US raw data'!L13 -> 0 | K15: ='US raw data'!M13 -> 0.0039909519 | L15: ='US raw data'!N13 -> 0.058357993 | M15: ='US raw data'!O13 -> 0.10743154 | N15: ='US raw data'!P13 -> 0.15985282
... A97: ='US raw data'!A95 -> Utility (Water) | B97: ='US raw data'!B95 -> 14 | C97: ='US raw data'!D95/'US raw data'!C95 -> 0.58973599 | D97: ='US raw data'!F95/'US raw data'!C95 -> 0.3364764 | E97: ='US raw data'!G95/'US raw data'!C95 -> 0.21162207 | F97: ='US raw data'!H95 -> 0.49463327 | G97: ='US raw data'!I95 -> 0.57299179 | H97: ='US raw data'!J95 -> 0.60749507 | I97: ='US raw data'!K95 -> 0.14648911 | J97: ='US raw data'!L95 -> 0.29423628 | K97: ='US raw data'!M95 -> 0.31591396 | L97: ='US raw data'!N95 -> 0.078558559 | M97: ='US raw data'!O95 -> 0.20125224 | N97: ='US raw data'!P95 -> 0.22073922
A98: All firms | B98: =SUM(B4:B97) -> 5994 | C98: ='US raw data'!D96/'US raw data'!C96 -> 0.37757448 | D98: ='US raw data'!F96/'US raw data'!C96 -> 0.12745255 | E98: ='US raw data'!G96/'US raw data'!C96 -> 0.097380735 | F98: ='US raw data'!H96 -> 0.25286624 | G98: ='US raw data'!I96 -> 0.47911661 | H98: ='US raw data'!J96 -> 0.7826218 | I98: ='US raw data'!K96 -> -0.11903589 | J98: ='US raw data'!L96 -> 0.0077877761 | K98: ='US raw data'!M96 -> 0.12467847 | L98: ='US raw data'!N96 -> -0.21273847 | M98: ='US raw data'!O96 -> 0.027704447 | N98: ='US raw data'!P96 -> 0.15335851
